 Dungeon Crawl Stone Soup version 0.17.2-2-g6415ff710d (webtiles) character file.

3180 Goblin1989 the Cleaver (level 9, -6/127 HPs)
             Began as a Naga Berserker on Feb 11, 2023.
             Was a High Priest of Trog.
             Mangled by an ogre
             ... wielding a +0 giant club
              (9 damage)
             ... on level 8 of the Dungeon.
             The game lasted 00:17:24 (8093 turns).

Goblin1989 the Cleaver (Naga Berserker)             Turns: 8093, Time: 00:17:24

Health: -6/127     AC:  9    Str: 28    XL:     9   Next: 95%
Magic:  9/9        EV: 10    Int:  8    God:    Trog [*****.]
Gold:   141        SH:  0    Dex: 10    Spells: 0 memorised, 8 levels left

rFire  . . .     SeeInvis +     v - +0 hand axe (elec)
rCold  . . .     Clarity  .     y - +0 scale mail of Midwinter {rElec}
rNeg   . . .     SustAt   .     (no shield)
rPois  +         Gourm    .     m - +1 hat
rElec  +         Spirit   .     i - +0 cloak
rCorr  .         Warding  .     (no gloves)
rMut   .         Stasis   .     (no barding)
MR     +....                    (no amulet)
Stlth  ..........               (no ring)
                                (no ring)

@: berserking, quick, somewhat resistant to hostile enchantments, extremely
unstealthy
A: see invisible, deformed body, poison resistance, slowness 2, slow metabolism
1, spit poison 2, AC +3
a: Spit Poison, Berserk, Trog's Hand, Brothers in Arms, Burn Spellbooks,
Renounce Religion


You were on level 8 of the Dungeon.
You worshipped Trog.
Trog was extremely pleased with you.
You were not hungry.

You visited 1 branch of the dungeon, and saw 8 of its levels.

You collected 339 gold pieces.
You spent 198 gold pieces at shops.

Inventory:

Hand Weapons
 v - a +0 hand axe of electrocution (weapon)
Missiles
 Z - a throwing net {!d, =f}
Armour
 i - a +0 cloak (worn)
 m - a +1 hat (worn)
 w - a +0 plate armour
 x - a +1 scale mail of cold resistance
 y - the +0 scale mail of Midwinter (worn) {rElec}
   (You bought it in a shop on level 7 of the Dungeon)

   It insulates you from electricity.
Wands
 b - a wand of magic darts (24)
 r - a wand of fireball (7)
 C - a wand of confusion (19)
Scrolls
 d - a scroll of noise {unknown}
 f - a scroll of enchant armour {unknown}
 k - 2 scrolls of fear {unknown}
 l - 4 scrolls of amnesia {unknown}
 o - 6 scrolls of teleportation {unknown}
 p - a scroll of remove curse {@r2}
 q - a scroll of fog {unknown}
 B - 2 scrolls of blinking
 D - a scroll of immolation {unknown}
 R - 4 scrolls of identify {@r1}
Potions
 c - 5 potions of curing {unknown}
 g - a potion of flight {unknown}
 h - a potion of cure mutation {unknown}
 n - a potion of heal wounds
 u - 2 potions of ambrosia {unknown}
 z - 2 potions of degeneration {unknown}
 A - a potion of beneficial mutation {unknown}
Comestibles
 a - a slice of pizza
 e - 2 bread rations {@e1}
 j - 3 fruits
 s - a beef jerky
 t - a meat ration {@e2}


   Skills:
 + Level 6.6 Fighting
 * Level 9.4 Axes
 + Level 5.5 Armour
 + Level 4.7 Dodging


You had 8 spell levels left.
You didn't know any spells.

Dungeon Overview and Level Annotations

Branches:
Dungeon (8/15)             Temple (0/1) D:4
   Lair: D:8-11

Altars:
Ashenzari
Dithmenos
Elyvilon
Gozag
Kikubaaqudgha
Nemelex Xobeh
Ru
Trog
Vehumet
Xom
Zin

Shops:
D:7 [([

Annotations:
D:7 exclusion: ice statue


Innate Abilities, Weirdness & Mutations

You cannot wear boots.
Your serpentine skin is tough (AC +3).
You have supernaturally acute eyesight.
Armour fits poorly on your strangely shaped body.
Your system is resistant to poisons.
You cover ground very slowly.
You have a slow metabolism.
You can spit poison.


Message History

There is a stone staircase leading down here.
You climb downwards. 4 orcs and a centaur come into view.
The centaur shouts!
The orc warrior shouts!
The orc priest shouts!
The orc shouts!
The orc wizard shouts!
There is a stone staircase leading up here.
You hit the centaur.
The centaur is lightly wounded.
The centaur hits you but does no damage.
You hit the centaur.
There is a sudden explosion of sparks!
The centaur is almost dead.
You are near starving!
The centaur hits you.
You take 4 damage, and have 81/85 hp.
You slash the centaur!
You kill the centaur!
Trog accepts your kill.
An ogre comes into view. It is wielding a giant club.
The ogre shouts!
The orc priest invokes the aid of Beogh against you.
You resist with significant effort.
The orc wizard gestures wildly while chanting.
The orc wizard blinks!
You hit the orc warrior.
There is a sudden explosion of sparks!
The orc warrior is moderately wounded.
The orc warrior hits you with a short sword!
The orc priest calls upon Beogh to heal the orc warrior.
The orc warrior is healed somewhat.
You closely miss the orc warrior.
The orc warrior is moderately wounded.
You hit the orc.
The orc is lightly wounded.
The orc hits you with a hand axe.
You take 13 damage, and have 68/85 hp.
You hit the orc warrior but do no damage.
The orc warrior is moderately wounded.
You barely miss the orc.
The orc is lightly wounded.
The orc warrior hits you with a short sword!
The orc hits you but does no damage.
You take 12 damage, and have 56/85 hp.
You're too hungry to go berserk.
Unknown command.
Eat which item? (? for menu, Esc to quit)
The orc wizard mumbles some strange words.
The orc wizard blinks!
The orc priest invokes the aid of Beogh against you.
Something smites you!
The orc warrior hits you with a short sword!
* * * LOW HITPOINT WARNING * * *
The orc closely misses you.
You continue eating.
The orc priest closely misses you.
The orc warrior hits you with a short sword!
* * * LOW HITPOINT WARNING * * *
The orc hits you with a hand axe.
* * * LOW HITPOINT WARNING * * *
You continue eating.
The orc priest hits you but does no damage.
The orc warrior hits you with a short sword.
* * * LOW HITPOINT WARNING * * *
The orc misses you.
You finish eating.
That meat ration really hit the spot!
You take 41 damage, and have 15/85 hp.
O_OOPS!!
MASSIVE DAMAGE!!
A red film seems to cover your vision as you go berserk!
You feel yourself moving faster!
You feel mighty!
You feel somewhat more hungry.
The orc priest calls upon Beogh to heal the orc warrior.
The orc warrior is healed somewhat.
The ogre hits you with a giant club!
* * * LOW HITPOINT WARNING * * *
The orc warrior hits you but does no damage.
You now have 10/127 hp.
Unknown command.
You hit the orc warrior but do no damage.
There is a sudden explosion of sparks!
The orc warrior is heavily wounded.
You slash the orc priest!
The orc priest is severely wounded.
You hit the orc.
The orc is almost dead.
You hit the ogre.
There is a sudden explosion of sparks!
The ogre is heavily wounded.
The orc priest hits you but does no damage.
The orc hits you with a hand axe.
* * * LOW HITPOINT WARNING * * *
The orc warrior hits you with a short sword.
* * * LOW HITPOINT WARNING * * *
You take 7 damage, and have 3/127 hp.
You slash the orc warrior!
There is a sudden explosion of sparks!
You kill the orc warrior!
Trog accepts your kill.
You slash the ogre!
The ogre is severely wounded.
You slash the orc!
You kill the orc!
Trog accepts your kill.
You closely miss the orc priest.
The orc priest is severely wounded.
The ogre hits you with a giant club!
You die...

███████.██
█<@)..o...
█O)o......
█.........
█.........
█.........
█.........


██████████ You could see an ogre, an orc priest and an orc wizard.

Vanquished Creatures
  Sigmund (D:4)
  A hippogriff (D:7)
  An orc warrior (D:8)
  A water moccasin (D:5)
  4 centaurs
  3 ice beasts
  4 ogres
  A sky beast (D:5)
  A big kobold (D:7)
  3 killer bees (D:7)
  A scorpion (D:7)
  A water moccasin skeleton (D:7)
  2 giant frogs
  5 wights (D:6)
  3 crimson imps
  3 giant frog zombies
  Crazy Yiuf (D:4)
  2 centaur skeletons
  A centaur zombie (D:6)
  3 jellies
  4 orc priests
  3 hounds
  Natasha (thrice) (D:2)
  2 orc wizards
  2 iguanas
  3 worker ants
  A hound zombie (D:7)
  9 adders
  3 gnolls
  An ooze (D:2)
  An adder skeleton (D:6)
  4 worms
  27 orcs
  2 ball pythons
  5 bats
  5 giant cockroaches
  10 hobgoblins
  A quokka (D:4)
  7 giant geckos
  8 giant newts
  6 goblins
  20 jackals
  A jackal skeleton (D:7)
  6 kobolds
  12 rats
188 creatures vanquished.

Vanquished Creatures (others)
  A human (D:6)
  A plant (D:1)
2 creatures vanquished.

Grand Total: 190 creatures vanquished

Notes
Turn   | Place    | Note
--------------------------------------------------------------
     0 | D:1      | Goblin1989 the Naga Berserker began the quest for the Orb.
     0 | D:1      | Reached XP level 1. HP: 21/21 MP: 1/1
   284 | D:1      | Reached XP level 2. HP: 16/28 MP: 2/2
   504 | D:1      | Reached ** piety under Trog
   544 | D:1      | Reached skill level 4 in Axes
   547 | D:1      | Reached XP level 3. HP: 19/34 MP: 3/3
  1714 | D:2      | Reached XP level 4. HP: 38/42 MP: 4/4
  1733 | D:2      | Noticed Natasha
  1761 | D:2      | Killed Natasha
  2060 | D:2      | Noticed Natasha
  2068 | D:2      | Killed Natasha
  2267 | D:2      | Noticed Natasha
  2275 | D:2      | Killed Natasha
  2333 | D:3      | Found a bloodstained altar of Trog.
  2336 | D:3      | Reached *** piety under Trog
  2355 | D:2      | Reached XP level 5. HP: 24/49 MP: 5/5
  2691 | D:3      | Found a radiant altar of Vehumet.
  2693 | D:3      | Found a shadowy altar of Dithmenos.
  2698 | D:3      | Found a glowing silver altar of Zin.
  2709 | D:3      | Found a shimmering altar of Xom.
  2759 | D:3      | Reached skill level 5 in Axes
  3120 | D:3      | Noticed a centaur
  3133 | D:3      | Killed a centaur
  3133 | D:3      | Reached XP level 6. HP: 7/57 MP: 6/6
  3641 | D:3      | Found a shattered altar of Ashenzari.
  4048 | D:4      | Found a staircase to the Ecumenical Temple.
  4079 | D:4      | Got a spiked leather armour
  4092 | D:4      | Found a bloodstained altar of Trog.
  4106 | D:4      | Identified the +2 leather armour "Caclaq" {Dex+2} (You found it on level 4 of the Dungeon)
  4362 | D:4      | Noticed Crazy Yiuf
  4374 | D:4      | Killed Crazy Yiuf
  4379 | D:4      | Got an iridescent mace
  4828 | D:4      | Noticed Sigmund
  4847 | D:4      | Killed Sigmund
  4847 | D:4      | Reached skill level 6 in Axes
  4847 | D:4      | Reached XP level 7. HP: 43/64 MP: 7/7
  5026 | D:5      | Entered Level 5 of the Dungeon
  5104 | D:5      | Reached **** piety under Trog
  5258 | D:5      | Reached XP level 8. HP: 43/73 MP: 8/8
  5278 | D:5      | Reached skill level 7 in Axes
  5937 | D:5      | Reached skill level 5 in Fighting
  6264 | D:6      | Reached skill level 8 in Axes
  6288 | D:6      | Reached XP level 9. HP: 75/81 MP: 9/9
  6523 | D:6      | Found an opulent altar of Gozag.
  6523 | D:6      | Found a sparkling altar of Nemelex Xobeh.
  6637 | D:6      | Found a white marble altar of Elyvilon.
  6649 | D:6      | Found an ancient bone altar of Kikubaaqudgha.
  6832 | D:7      | Reached skill level 5 in Armour
  6892 | D:7      | Noticed an ice statue
  7241 | D:7      | Reached skill level 9 in Axes
  7249 | D:7      | Found Xuokhlued's Antique Weapon Shoppe.
  7297 | D:7      | Found Niomig's Armour Boutique.
  7305 | D:7      | Bought the +0 scale mail of Midwinter {rElec} for 198 gold pieces
  7383 | D:7      | Found a sacrificial altar of Ru.
  7505 | D:7      | Reached ***** piety under Trog
  7910 | D:7      | Found Byutuzat's Armour Shoppe.
  8092 | D:8      | HP: 5/127 [orc/hand axe (5)]
  8093 | D:8      | Mangled by an ogre

Action                   |  1- 3 |  4- 6 |  7- 9 || total
-------------------------+-------+-------+-------++-------
Melee: Hand axe          |   145 |   234 |   298 ||   677
Invok: Trog's Hand       |       |     2 |       ||     2
       Berserk           |       |     2 |     6 ||     8
  Use: Scroll            |       |     3 |       ||     3
  Eat: Chunk             |     2 |     9 |     5 ||    16
       Fruit             |       |       |     5 ||     5
       Meat ration       |       |       |     1 ||     1
       Bread ration      |       |       |     1 ||     1

Vault maps used:
D:1:      dpeg_arrival_tiny_k, serial_forest, infiniplex_forest_straight_3,
          infiniplex_forest_straight_3, infiniplex_forest_straight_2,
          infiniplex_forest_side_room, infiniplex_forest_end_2,
          infiniplex_forest_lined_corner, infiniplex_forest_join,
          infiniplex_forest_lined_corner
D:2:      uniq_natasha
D:3:      marbit_many_paths, overflow_temple_1_default,
          nicolae_overflow_quartered_altars, first_bread
D:4:      minmay_temple_entry_water_ring, trog_butcher_becter,
          uniq_crazy_yiuf_cottage, uniq_sigmund
D:5:      hangedman_abyss_or_decor_slice, minmay_misc_feat_nine_boxes
D:6:      grunt_temple_overflow_opulence, overflow_temple_1_default,
          tgw_kikubaaqudgha
D:7:      lemuel_ice_statue, hangedman_ru_absence, serial_shops, shop_fountains,
          shop_statue, shop
D:8:      nicolae_overflow_crystal_walls, kennysheep_little_box, slow_altar_2,
          lair_0_dummy, serial_ice, serial_ice_f, serial_ice_n, serial_ice_m,
          serial_ice_c, hangedman_little_slice_of_home, bloody_makhleb,
          uniq_pikel, uniq_maurice
